 Dungeon Crawl Stone Soup version 0.29.0-7-g18a832c13a (webtiles) character file.

Game seed: 9089848343448516847

131 Arcadio the Sneak (level 5, -6/42 HPs)
             Began as a Naga Ice Elementalist on Sept 1, 2022.
             Mangled by Terence
             ... wielding a +8 flail of holy wrath
              (13 damage)
             ... on level 3 of the Dungeon.
             The game lasted 00:03:24 (2623 turns).

Arcadio the Sneak (Naga Ice Elementalist)           Turns: 2623, Time: 00:03:27

Health: -6/42      AC:  2    Str: 11    XL:     5   Next: 14%
Magic:  5/9        EV:  9    Int: 17    God:
Gold:   74         SH:  0    Dex: 11    Spells: 6/10 levels left

rFire   . . .      SeeInvis +   g - +0 dagger
rCold   . . .      Faith    .   (no shield)
rNeg    . . .      Spirit   .   a - +0 robe
rPois   +          Reflect  .   (no helmet)
rElec   .          Harm     .   (no cloak)
rCorr   .          Rampage  .   (no gloves)
Will    .....                   (no barding)
Stlth   +++.......              (no amulet)
HPRegen 0.14/turn               l - ring of flight
MPRegen 0.11/turn               (no ring)

@: freezing walls, flying, very slow
A: AC +1, large, see invisible, deformed body, poison resistance, slowness 2,
spit poison 1, naga tail 1
a: Spit Poison


You were on level 3 of the Dungeon.
You visited 1 branch of the dungeon, and saw 3 of its levels.

You collected 74 gold pieces.

Inventory:

Hand Weapons
 g - a +0 dagger (weapon)
 k - a +0 rapier
Armour
 a - a +0 robe (worn)
 m - a +0 leather armour
Jewellery
 l - a ring of flight (left hand)
Wands
 j - a wand of iceblast (3)
Scrolls
 d - a scroll of enchant armour {unknown}
 e - a scroll of noise {unknown}
 f - a scroll of identify {unknown}
 h - 2 scrolls of enchant weapon {unknown}
Potions
 b - a potion of magic
 c - 2 potions of flight {unknown}
 i - a potion of attraction {unknown}


   Skills:
 - Level 1.5 Dodging
 + Level 5.2 Stealth
 + Level 3.1 Spellcasting
 + Level 4.8 Ice Magic


You had 6 spell levels left.
You knew the following spells:

 Your Spells              Type           Power      Damage    Failure   Level
a - Freeze                Ice            76%        1d9       2%          1
b - Frozen Ramparts       Ice            38%        1d6       7%          3

Your spell library contained the following spells:

 Spells                   Type           Power      Damage    Failure   Level
 Ozocubu's Armour         Ice            19%        N/A       7%          3
 Hailstorm                Conj/Ice       10%        3d5       54%         4
 Ozocubu's Refrigeration  Ice            9%         4d9       100%        7


Dungeon Overview and Level Annotations

Branches:
Dungeon (3/15) Zot: 14831

Altars:

Shops:
D:2 *

Annotations:
D:3 Terence


Innate Abilities, Weirdness & Mutations

Your serpentine skin is tough. (AC +1)
You have supernaturally acute eyesight. (SInv)
Armour fits poorly on your strangely shaped body.
Your system is resistant to poisons. (rPois)
You cover ground very slowly.
You can spit poison.
You have a snake-like lower body.


Message History

Press: ? - help, Shift-Dir - straight line, f/p - endoplasm
Aim: an endoplasm (severely wounded)
You freeze the endoplasm!
You kill the endoplasm!
You start resting.
HP restored.
You start resting.
Magic restored.
You start waiting.
Done waiting.
You fly downwards.
Level annotation: Terence Terence hits you with a +8 flail of holy wrath!
The ball python zombie bites you but does no damage.
There is a stone staircase leading up, spattered with blood here.
The ball python zombie attacks as you move away!
The ball python zombie closely misses you.
Terence hits you with a +8 flail of holy wrath!
The ball python zombie bites you. Terence closely misses you.
Casting: Freeze (safe; 2% risk of failure)
Confirm with . or Enter, or press ? or * to list all spells.
Casting: Frozen Ramparts (dangerous; 7% risk of failure)
Press: ? - help, Dir - look around, f - activate The walls around you are covered in ice.
The wall freezes Terence but does no damage.
Terence hits you with a +8 flail of holy wrath!
* * * LOW HITPOINT WARNING * * *
The ball python zombie completely resists.
The wall freezes the ball python zombie but does no damage.
The ball python zombie barely misses you.
Casting: Frozen Ramparts (dangerous; 7% risk of failure)
Confirm with . or Enter, or press ? or * to list all spells.
Aiming: Freeze (safe; 2% risk of failure)
Press: ? - help, Shift-Dir - straight line, f - ball python zombie
Aim: a ball python zombie You freeze the ball python zombie.
The ball python zombie resists.
The ball python zombie is lightly damaged.
The wall freezes Terence but does no damage.
Terence hits you with a +8 flail of holy wrath!
You die...

# #.
#####.########.#
+.......Z@....>#
##......@###.#.#
#.......#
#.........
#.!.....†...
#..(......P...
#.........P...
#.........Z...
#.........S.8P


You could see Terence and a ball python zombie.

Vanquished Creatures
  2 orc wizards (D:2)
  5 adders
  3 orcs (D:2)
  A ball python (D:2)
  4 endoplasms
  3 goblins (D:1)
  4 hobgoblins
  A kobold (D:1)
  A quokka (D:1)
  A ball python skeleton (D:3)
  A bat (D:2)
  A frilled lizard (D:1)
  8 rats
35 creatures vanquished.

Vanquished Creatures (others)
  A withered plant (D:3)
1 creature vanquished.

Grand Total: 36 creatures vanquished

Notes
Turn   | Place    | Note
-------+----------+-------------------------------------------
     0 | D:1      | Arcadio the Naga Ice Elementalist began the quest for the
                  | Orb.
     0 | D:1      | Reached XP level 1. HP: 15/15 MP: 3/3
    44 | D:1      | Found a faded altar of an unknown god.
   479 | D:1      | Reached XP level 2. HP: 22/22 MP: 1/5
  1098 | D:2      | Reached skill level 4 in Stealth
  1098 | D:2      | Reached XP level 3. HP: 26/28 MP: 1/6
  1102 | D:2      | Learned a level 3 spell: Frozen Ramparts
  1422 | D:2      | Reached XP level 4. HP: 36/36 MP: 3/8
  1435 | D:2      | Reached skill level 5 in Stealth
  1963 | D:2      | Found Xecet's Assorted Antiques.
  2248 | D:2      | Reached XP level 5. HP: 35/42 MP: 5/9
  2467 | D:3      | Noticed Terence
  2623 | D:3      | Mangled by Terence

Illustrated notes

Levels and vault maps discovered:
D:1:      heliophobic_arrival_ceremonial_halls, layout_basic,
          shapermc_ecumenical_altar_acropolis
D:2:      layout_basic, serial_shops, nicolae_lakefront_shop
D:3:      cheibrodos_thug_alley, layout_basic, mainiacjoe_overflow_alcove_2,
          grunt_temple_overflow_open, serial_undead, serial_undead_e,
          serial_undead_c, serial_undead_e, serial_undead_a,
          ebering_ghost_disaster_area, uniq_robin, uniq_terence, uniq_ijyb

Skill      XL: |  1  2  3  4 |
---------------+-------------+-----
Stealth        | 4 5 |  5.2
Spellcasting   | 3 |  3.1
Dodging        | |  1.5
Ice Magic      | |  4.8

Action                   |  1- 3 |  4- 6 || total
-------------------------+-------+-------++-------
Melee: Dagger            |    25 |    22 ||    47
       Punch             |       |     1 ||     1
 Cast: Freeze            |    19 |    10 ||    29
       Frozen Ramparts   |     1 |     2 ||     3
 Abil: Spit Poison       |     2 |     1 ||     3
 Stab: Sleeping          |     6 |       ||     6
Armor: Robe              |     7 |     6 ||    13
Dodge: Dodged            |    18 |    12 ||    30
